Workbook

Sheet Synthèse
A1: Synthèse des notes de frais
A2: Vue interne d’aide au suivi uniquement — ce classeur n’est ni un document officiel ni un outil comptable, fiscal ou juridique.
A4: Indicateur | B4: Valeur | D4: Repère événementiel | E4: Valeur
A5: Nombre de dépenses | B5: =COUNT('Dépenses'!$H$4:$H$123) | D5: Code événement | E5: =IF(COUNT('Dépenses'!$H$4:$H$123)=0,"",Paramètres!$B$2)
A6: Total saisi | B6: =IF(COUNT('Dépenses'!$H$4:$H$123)=0,"",SUM('Dépenses'!$H$4:$H$123)) | D6: Nom de l’événement | E6: =IF(COUNT('Dépenses'!$H$4:$H$123)=0,"",Paramètres!$B$3)
A7: Total soumis | B7: =IF(COUNT('Dépenses'!$H$4:$H$123)=0,"",SUMIF('Dépenses'!$K$4:$K$123,"Soumise",'Dépenses'!$H$4:$H$123)) | D7: Période | E7: =IF(COUNT('Dépenses'!$H$4:$H$123)=0,"",TEXT(Paramètres!$B$4,"dd/mm/yyyy")&" au "&TEXT(Paramètres!$B$5,"dd/mm/yyyy"))
A8: Total validé | B8: =IF(COUNT('Dépenses'!$H$4:$H$123)=0,"",SUMIF('Dépenses'!$K$4:$K$123,"Validée",'Dépenses'!$L$4:$L$123)) | D8: Budget interne | E8: =IF(COUNT('Dépenses'!$H$4:$H$123)=0,"",Paramètres!$B$7)
A9: Total refusé | B9: =IF(COUNT('Dépenses'!$H$4:$H$123)=0,"",SUMIF('Dépenses'!$K$4:$K$123,"Refusée",'Dépenses'!$H$4:$H$123)) | D9: Écart au budget | E9: =IF(COUNT('Dépenses'!$H$4:$H$123)=0,"",IFERROR(Paramètres!$B$7-SUM('Dépenses'!$H$4:$H$123),""))
A10: Montant à rembourser | B10: =IF(COUNT('Dépenses'!$H$4:$H$123)=0,"",SUM('Dépenses'!$P$4:$P$123)) | D10: Situation budgétaire | E10: =IF(COUNT('Dépenses'!$H$4:$H$123)=0,"",IFERROR(IF(SUM('Dépenses'!$H$4:$H$123)>Paramètres!$B$7,"Budget interne dépassé","Dans l’enveloppe interne"),""))
A11: Avances non soldées | B11: =IF(COUNT('Dépenses'!$H$4:$H$123)=0,"",SUMIFS('Avances'!$H$4:$H$103,'Avances'!$F$4:$F$103,"<>Clôturée"))
A12: Alertes ouvertes | B12: =IF(COUNT('Dépenses'!$H$4:$H$123)=0,0,COUNTIF('Dépenses'!$Q$4:$Q$123,"<>")+COUNTIF('Dépenses'!$R$4:$R$123,"<>")+COUNTIF('Dépenses'!$S$4:$S$123,"<>")+COUNTIF('Dépenses'!$T$4:$T$123,"<>")+COUNTIFS('Dépenses'!$K$4:$K$123,"Validée",'Dépenses'!$L$4:$L$123,"")+COUNTIFS('Dépenses'!$K$4:$K$123,"Validée",'Dépenses'!$N$4:$N$123,""))
A13: Taux budgétaire | B13: =IF(COUNT('Dépenses'!$H$4:$H$123)=0,"",IFERROR(SUM('Dépenses'!$H$4:$H$123)/Paramètres!$B$7,""))
A16: Catégorie | B16: Montant TTC | C16: Montant retenu
A17: =IF(COUNT('Dépenses'!$H$4:$H$123)=0,"",Paramètres!F3) | B17: =IF($A17="","",SUMIF('Dépenses'!$E$4:$E$123,$A17,'Dépenses'!$H$4:$H$123)) | C17: =IF($A17="","",SUMIF('Dépenses'!$E$4:$E$123,$A17,'Dépenses'!$L$4:$L$123))
A18: =IF(COUNT('Dépenses'!$H$4:$H$123)=0,"",Paramètres!F4) | B18: =IF($A18="","",SUMIF('Dépenses'!$E$4:$E$123,$A18,'Dépenses'!$H$4:$H$123)) | C18: =IF($A18="","",SUMIF('Dépenses'!$E$4:$E$123,$A18,'Dépenses'!$L$4:$L$123))
A19: =IF(COUNT('Dépenses'!$H$4:$H$123)=0,"",Paramètres!F5) | B19: =IF($A19="","",SUMIF('Dépenses'!$E$4:$E$123,$A19,'Dépenses'!$H$4:$H$123)) | C19: =IF($A19="","",SUMIF('Dépenses'!$E$4:$E$123,$A19,'Dépenses'!$L$4:$L$123))
A20: =IF(COUNT('Dépenses'!$H$4:$H$123)=0,"",Paramètres!F6) | B20: =IF($A20="","",SUMIF('Dépenses'!$E$4:$E$123,$A20,'Dépenses'!$H$4:$H$123)) | C20: =IF($A20="","",SUMIF('Dépenses'!$E$4:$E$123,$A20,'Dépenses'!$L$4:$L$123))
A21: =IF(COUNT('Dépenses'!$H$4:$H$123)=0,"",Paramètres!F7) | B21: =IF($A21="","",SUMIF('Dépenses'!$E$4:$E$123,$A21,'Dépenses'!$H$4:$H$123)) | C21: =IF($A21="","",SUMIF('Dépenses'!$E$4:$E$123,$A21,'Dépenses'!$L$4:$L$123))
A22: =IF(COUNT('Dépenses'!$H$4:$H$123)=0,"",Paramètres!F8) | B22: =IF($A22="","",SUMIF('Dépenses'!$E$4:$E$123,$A22,'Dépenses'!$H$4:$H$123)) | C22: =IF($A22="","",SUMIF('Dépenses'!$E$4:$E$123,$A22,'Dépenses'!$L$4:$L$123))
A23: =IF(COUNT('Dépenses'!$H$4:$H$123)=0,"",Paramètres!F9) | B23: =IF($A23="","",SUMIF('Dépenses'!$E$4:$E$123,$A23,'Dépenses'!$H$4:$H$123)) | C23: =IF($A23="","",SUMIF('Dépenses'!$E$4:$E$123,$A23,'Dépenses'!$L$4:$L$123))
A24: =IF(COUNT('Dépenses'!$H$4:$H$123)=0,"",Paramètres!F10) | B24: =IF($A24="","",SUMIF('Dépenses'!$E$4:$E$123,$A24,'Dépenses'!$H$4:$H$123)) | C24: =IF($A24="","",SUMIF('Dépenses'!$E$4:$E$123,$A24,'Dépenses'!$L$4:$L$123))
A25: =IF(COUNT('Dépenses'!$H$4:$H$123)=0,"",Paramètres!F11) | B25: =IF($A25="","",SUMIF('Dépenses'!$E$4:$E$123,$A25,'Dépenses'!$H$4:$H$123)) | C25: =IF($A25="","",SUMIF('Dépenses'!$E$4:$E$123,$A25,'Dépenses'!$L$4:$L$123))
A26: =IF(COUNT('Dépenses'!$H$4:$H$123)=0,"",Paramètres!F12) | B26: =IF($A26="","",SUMIF('Dépenses'!$E$4:$E$123,$A26,'Dépenses'!$H$4:$H$123)) | C26: =IF($A26="","",SUMIF('Dépenses'!$E$4:$E$123,$A26,'Dépenses'!$L$4:$L$123))

Sheet Dépenses
A1: Suivi des notes de frais — équipe événementielle
A2: Les cellules jaunes sont modifiables. Les colonnes de contrôle sont calculées automatiquement.
A3: ID note | B3: Code événement | C3: ID équipe | D3: Date dépense | E3: Catégorie | F3: Objet | G3: Mode de paiement | H3: Montant TTC | I3: Justificatif | J3: Date soumission | K3: Statut | L3: Montant retenu | M3: Avance imputée | N3: Date décision | O3: Commentaire | P3: Montant à rembourser | Q3: Alerte justificatif | R3: Alerte seuil | S3: Alerte délai | T3: Contrôle doublon
A4: DEMO-NDF-001 | B4: DEMO-EVT-01 | C4: DEMO-EQ-01 | D4: 46238 | E4: Transport ferroviaire | F4: Train de démonstration vers le site fictif | G4: Personnel | H4: 86.4 | I4: Oui | J4: 46253 | K4: Validée | L4: 86.4 | M4: 40 | N4: 46256 | O4: Exemple fictif validé. | P4: =IF(OR($K4<>"Validée",$L4=""),"",IF($G4="Personnel",MAX(0,$L4-IF($M4="",0,$M4)),0)) | Q4: =IF($H4="","",IF($I4="Non","Justificatif à vérifier","")) | R4: =IF($H4="","",IFERROR(IF(_xlfn.XLOOKUP($E4,Paramètres!$F$3:$F$12,Paramètres!$G$3:$G$12,"")="","",IF($H4>_xlfn.XLOOKUP($E4,Paramètres!$F$3:$F$12,Paramètres!$G$3:$G$12,""),"Seuil interne dépassé","")),"")) | S4: =IF($J4="","",IF(OR($K4="Validée",$K4="Refusée"),"",IF(TODAY()-$J4>Paramètres!$B$6,"Délai cible dépassé",""))) | T4: =IF($A4="","",IF(COUNTIF('Dépenses'!$A$4:$A$123,$A4)>1,"Doublon",""))
A5: DEMO-NDF-002 | B5: DEMO-EVT-01 | C5: DEMO-EQ-02 | D5: 46239 | E5: Hébergement | F5: Nuitée de démonstration pour préparation | G5: Personnel | H5: 142 | I5: Oui | J5: 46268 | K5: Soumise | O5: Dépassement volontaire du seuil interne. | P5: =IF(OR($K5<>"Validée",$L5=""),"",IF($G5="Personnel",MAX(0,$L5-IF($M5="",0,$M5)),0)) | Q5: =IF($H5="","",IF($I5="Non","Justificatif à vérifier","")) | R5: =IF($H5="","",IFERROR(IF(_xlfn.XLOOKUP($E5,Paramètres!$F$3:$F$12,Paramètres!$G$3:$G$12,"")="","",IF($H5>_xlfn.XLOOKUP($E5,Paramètres!$F$3:$F$12,Paramètres!$G$3:$G$12,""),"Seuil interne dépassé","")),"")) | S5: =IF($J5="","",IF(OR($K5="Validée",$K5="Refusée"),"",IF(TODAY()-$J5>Paramètres!$B$6,"Délai cible dépassé",""))) | T5: =IF($A5="","",IF(COUNTIF('Dépenses'!$A$4:$A$123,$A5)>1,"Doublon",""))
A6: DEMO-NDF-003 | B6: DEMO-EVT-01 | C6: DEMO-EQ-03 | D6: 46240 | E6: Repas | F6: Repas fictif de l’équipe de production | G6: Carte équipe | H6: 48.6 | I6: Non | J6: 46269 | K6: À compléter | O6: Justificatif volontairement absent. | P6: =IF(OR($K6<>"Validée",$L6=""),"",IF($G6="Personnel",MAX(0,$L6-IF($M6="",0,$M6)),0)) | Q6: =IF($H6="","",IF($I6="Non","Justificatif à vérifier","")) | R6: =IF($H6="","",IFERROR(IF(_xlfn.XLOOKUP($E6,Paramètres!$F$3:$F$12,Paramètres!$G$3:$G$12,"")="","",IF($H6>_xlfn.XLOOKUP($E6,Paramètres!$F$3:$F$12,Paramètres!$G$3:$G$12,""),"Seuil interne dépassé","")),"")) | S6: =IF($J6="","",IF(OR($K6="Validée",$K6="Refusée"),"",IF(TODAY()-$J6>Paramètres!$B$6,"Délai cible dépassé",""))) | T6: =IF($A6="","",IF(COUNTIF('Dépenses'!$A$4:$A$123,$A6)>1,"Doublon",""))
A7: DEMO-NDF-004 | B7: DEMO-EVT-01 | C7: DEMO-EQ-04 | D7: 46241 | E7: Taxi/VTC | F7: Trajet fictif entre deux sites | G7: Personnel | H7: 31.2 | I7: Oui | J7: 46270 | K7: Soumise | O7: Seuil interne volontairement dépassé. | P7: =IF(OR($K7<>"Validée",$L7=""),"",IF($G7="Personnel",MAX(0,$L7-IF($M7="",0,$M7)),0)) | Q7: =IF($H7="","",IF($I7="Non","Justificatif à vérifier","")) | R7: =IF($H7="","",IFERROR(IF(_xlfn.XLOOKUP($E7,Paramètres!$F$3:$F$12,Paramètres!$G$3:$G$12,"")="","",IF($H7>_xlfn.XLOOKUP($E7,Paramètres!$F$3:$F$12,Paramètres!$G$3:$G$12,""),"Seuil interne dépassé","")),"")) | S7: =IF($J7="","",IF(OR($K7="Validée",$K7="Refusée"),"",IF(TODAY()-$J7>Paramètres!$B$6,"Délai cible dépassé",""))) | T7: =IF($A7="","",IF(COUNTIF('Dépenses'!$A$4:$A$123,$A7)>1,"Doublon",""))
A8: DEMO-NDF-005 | B8: DEMO-EVT-01 | C8: DEMO-EQ-01 | D8: 46242 | E8: Stationnement | F8: Stationnement fictif près du site | G8: Carte équipe | H8: 18 | I8: Oui | J8: 46257 | K8: Validée | L8: 18 | O8: Date de décision volontairement manquante. | P8: =IF(OR($K8<>"Validée",$L8=""),"",IF($G8="Personnel",MAX(0,$L8-IF($M8="",0,$M8)),0)) | Q8: =IF($H8="","",IF($I8="Non","Justificatif à vérifier","")) | R8: =IF($H8="","",IFERROR(IF(_xlfn.XLOOKUP($E8,Paramètres!$F$3:$F$12,Paramètres!$G$3:$G$12,"")="","",IF($H8>_xlfn.XLOOKUP($E8,Paramètres!$F$3:$F$12,Paramètres!$G$3:$G$12,""),"Seuil interne dépassé","")),"")) | S8: =IF($J8="","",IF(OR($K8="Validée",$K8="Refusée"),"",IF(TODAY()-$J8>Paramètres!$B$6,"Délai cible dépassé",""))) | T8: =IF($A8="","",IF(COUNTIF('Dépenses'!$A$4:$A$123,$A8)>1,"Doublon",""))
A9: DEMO-NDF-006 | B9: DEMO-EVT-01 | C9: DEMO-EQ-02 | D9: 46243 | E9: Fournitures | F9: Fournitures fictives de signalétique | G9: Personnel | H9: 27.95 | I9: Oui | J9: 46261 | K9: Refusée | N9: 46271 | O9: Exemple fictif refusé. | P9: =IF(OR($K9<>"Validée",$L9=""),"",IF($G9="Personnel",MAX(0,$L9-IF($M9="",0,$M9)),0)) | Q9: =IF($H9="","",IF($I9="Non","Justificatif à vérifier","")) | R9: =IF($H9="","",IFERROR(IF(_xlfn.XLOOKUP($E9,Paramètres!$F$3:$F$12,Paramètres!$G$3:$G$12,"")="","",IF($H9>_xlfn.XLOOKUP($E9,Paramètres!$F$3:$F$12,Paramètres!$G$3:$G$12,""),"Seuil interne dépassé","")),"")) | S9: =IF($J9="","",IF(OR($K9="Validée",$K9="Refusée"),"",IF(TODAY()-$J9>Paramètres!$B$6,"Délai cible dépassé",""))) | T9: =IF($A9="","",IF(COUNTIF('Dépenses'!$A$4:$A$123,$A9)>1,"Doublon",""))
A10: DEMO-NDF-007 | B10: DEMO-EVT-01 | C10: DEMO-EQ-03 | D10: 46244 | E10: Péage | F10: Péage fictif pour déplacement logistique | G10: Personnel | H10: 14.7 | I10: Oui | J10: 46255 | K10: Validée | L10: 14.7 | M10: 10 | N10: 46259 | O10: Avance partiellement imputée. | P10: =IF(OR($K10<>"Validée",$L10=""),"",IF($G10="Personnel",MAX(0,$L10-IF($M10="",0,$M10)),0)) | Q10: =IF($H10="","",IF($I10="Non","Justificatif à vérifier","")) | R10: =IF($H10="","",IFERROR(IF(_xlfn.XLOOKUP($E10,Paramètres!$F$3:$F$12,Paramètres!$G$3:$G$12,"")="","",IF($H10>_xlfn.XLOOKUP($E10,Paramètres!$F$3:$F$12,Paramètres!$G$3:$G$12,""),"Seuil interne dépassé","")),"")) | S10: =IF($J10="","",IF(OR($K10="Validée",$K10="Refusée"),"",IF(TODAY()-$J10>Paramètres!$B$6,"Délai cible dépassé",""))) | T10: =IF($A10="","",IF(COUNTIF('Dépenses'!$A$4:$A$123,$A10)>1,"Doublon",""))
A11: DEMO-NDF-008 | B11: DEMO-EVT-01 | C11: DEMO-EQ-04 | D11: 46245 | E11: Transports urbains | F11: Métro fictif pour repérage | G11: Personnel | H11: 4.3 | I11: Oui | J11: 46253 | K11: Soumise | O11: Délai cible volontairement dépassé. | P11: =IF(OR($K11<>"Validée",$L11=""),"",IF($G11="Personnel",MAX(0,$L11-IF($M11="",0,$M11)),0)) | Q11: =IF($H11="","",IF($I11="Non","Justificatif à vérifier","")) | R11: =IF($H11="","",IFERROR(IF(_xlfn.XLOOKUP($E11,Paramètres!$F$3:$F$12,Paramètres!$G$3:$G$12,"")="","",IF($H11>_xlfn.XLOOKUP($E11,Paramètres!$F$3:$F$12,Paramètres!$G$3:$G$12,""),"Seuil interne dépassé","")),"")) | S11: =IF($J11="","",IF(OR($K11="Validée",$K11="Refusée"),"",IF(TODAY()-$J11>Paramètres!$B$6,"Délai cible dépassé",""))) | T11: =IF($A11="","",IF(COUNTIF('Dépenses'!$A$4:$A$123,$A11)>1,"Doublon",""))
A12: DEMO-NDF-010 | B12: DEMO-EVT-01 | C12: DEMO-EQ-01 | D12: 46246 | E12: Logistique | F12: Acheminement fictif de matériel | G12: Carte équipe | H12: 65 | I12: Oui | J12: 46254 | K12: Validée | L12: 60 | N12: 46258 | O12: Identifiant dupliqué volontairement. | P12: =IF(OR($K12<>"Validée",$L12=""),"",IF($G12="Personnel",MAX(0,$L12-IF($M12="",0,$M12)),0)) | Q12: =IF($H12="","",IF($I12="Non","Justificatif à vérifier","")) | R12: =IF($H12="","",IFERROR(IF(_xlfn.XLOOKUP($E12,Paramètres!$F$3:$F$12,Paramètres!$G$3:$G$12,"")="","",IF($H12>_xlfn.XLOOKUP($E12,Paramètres!$F$3:$F$12,Paramètres!$G$3:$G$12,""),"Seuil interne dépassé","")),"")) | S12: =IF($J12="","",IF(OR($K12="Validée",$K12="Refusée"),"",IF(TODAY()-$J12>Paramètres!$B$6,"Délai cible dépassé",""))) | T12: =IF($A12="","",IF(COUNTIF('Dépenses'!$A$4:$A$123,$A12)>1,"Doublon",""))
A13: DEMO-NDF-010 | B13: DEMO-EVT-01 | C13: DEMO-EQ-01 | D13: 46247 | E13: Collation | F13: Collation fictive de l’équipe | G13: Personnel | H13: 22.8 | I13: Non | J13: 46258 | K13: À compléter | O13: Doublon et justificatif absent pour contrôle. | P13: =IF(OR($K13<>"Validée",$L13=""),"",IF($G13="Personnel",MAX(0,$L13-IF($M13="",0,$M13)),0)) | Q13: =IF($H13="","",IF($I13="Non","Justificatif à vérifier","")) | R13: =IF($H13="","",IFERROR(IF(_xlfn.XLOOKUP($E13,Paramètres!$F$3:$F$12,Paramètres!$G$3:$G$12,"")="","",IF($H13>_xlfn.XLOOKUP($E13,Paramètres!$F$3:$F$12,Paramètres!$G$3:$G$12,""),"Seuil interne dépassé","")),"")) | S13: =IF($J13="","",IF(OR($K13="Validée",$K13="Refusée"),"",IF(TODAY()-$J13>Paramètres!$B$6,"Délai cible dépassé",""))) | T13: =IF($A13="","",IF(COUNTIF('Dépenses'!$A$4:$A$123,$A13)>1,"Doublon",""))
P14: =IF(OR($K14<>"Validée",$L14=""),"",IF($G14="Personnel",MAX(0,$L14-IF($M14="",0,$M14)),0)) | Q14: =IF($H14="","",IF($I14="Non","Justificatif à vérifier","")) | R14: =IF($H14="","",IFERROR(IF(_xlfn.XLOOKUP($E14,Paramètres!$F$3:$F$12,Paramètres!$G$3:$G$12,"")="","",IF($H14>_xlfn.XLOOKUP($E14,Paramètres!$F$3:$F$12,Paramètres!$G$3:$G$12,""),"Seuil interne dépassé","")),"")) | S14: =IF($J14="","",IF(OR($K14="Validée",$K14="Refusée"),"",IF(TODAY()-$J14>Paramètres!$B$6,"Délai cible dépassé",""))) | T14: =IF($A14="","",IF(COUNTIF('Dépenses'!$A$4:$A$123,$A14)>1,"Doublon",""))
P15: =IF(OR($K15<>"Validée",$L15=""),"",IF($G15="Personnel",MAX(0,$L15-IF($M15="",0,$M15)),0)) | Q15: =IF($H15="","",IF($I15="Non","Justificatif à vérifier","")) | R15: =IF($H15="","",IFERROR(IF(_xlfn.XLOOKUP($E15,Paramètres!$F$3:$F$12,Paramètres!$G$3:$G$12,"")="","",IF($H15>_xlfn.XLOOKUP($E15,Paramètres!$F$3:$F$12,Paramètres!$G$3:$G$12,""),"Seuil interne dépassé","")),"")) | S15: =IF($J15="","",IF(OR($K15="Validée",$K15="Refusée"),"",IF(TODAY()-$J15>Paramètres!$B$6,"Délai cible dépassé",""))) | T15: =IF($A15="","",IF(COUNTIF('Dépenses'!$A$4:$A$123,$A15)>1,"Doublon",""))
P16: =IF(OR($K16<>"Validée",$L16=""),"",IF($G16="Personnel",MAX(0,$L16-IF($M16="",0,$M16)),0)) | Q16: =IF($H16="","",IF($I16="Non","Justificatif à vérifier","")) | R16: =IF($H16="","",IFERROR(IF(_xlfn.XLOOKUP($E16,Paramètres!$F$3:$F$12,Paramètres!$G$3:$G$12,"")="","",IF($H16>_xlfn.XLOOKUP($E16,Paramètres!$F$3:$F$12,Paramètres!$G$3:$G$12,""),"Seuil interne dépassé","")),"")) | S16: =IF($J16="","",IF(OR($K16="Validée",$K16="Refusée"),"",IF(TODAY()-$J16>Paramètres!$B$6,"Délai cible dépassé",""))) | T16: =IF($A16="","",IF(COUNTIF('Dépenses'!$A$4:$A$123,$A16)>1,"Doublon",""))
P17: =IF(OR($K17<>"Validée",$L17=""),"",IF($G17="Personnel",MAX(0,$L17-IF($M17="",0,$M17)),0)) | Q17: =IF($H17="","",IF($I17="Non","Justificatif à vérifier","")) | R17: =IF($H17="","",IFERROR(IF(_xlfn.XLOOKUP($E17,Paramètres!$F$3:$F$12,Paramètres!$G$3:$G$12,"")="","",IF($H17>_xlfn.XLOOKUP($E17,Paramètres!$F$3:$F$12,Paramètres!$G$3:$G$12,""),"Seuil interne dépassé","")),"")) | S17: =IF($J17="","",IF(OR($K17="Validée",$K17="Refusée"),"",IF(TODAY()-$J17>Paramètres!$B$6,"Délai cible dépassé",""))) | T17: =IF($A17="","",IF(COUNTIF('Dépenses'!$A$4:$A$123,$A17)>1,"Doublon",""))
P18: =IF(OR($K18<>"Validée",$L18=""),"",IF($G18="Personnel",MAX(0,$L18-IF($M18="",0,$M18)),0)) | Q18: =IF($H18="","",IF($I18="Non","Justificatif à vérifier","")) | R18: =IF($H18="","",IFERROR(IF(_xlfn.XLOOKUP($E18,Paramètres!$F$3:$F$12,Paramètres!$G$3:$G$12,"")="","",IF($H18>_xlfn.XLOOKUP($E18,Paramètres!$F$3:$F$12,Paramètres!$G$3:$G$12,""),"Seuil interne dépassé","")),"")) | S18: =IF($J18="","",IF(OR($K18="Validée",$K18="Refusée"),"",IF(TODAY()-$J18>Paramètres!$B$6,"Délai cible dépassé",""))) | T18: =IF($A18="","",IF(COUNTIF('Dépenses'!$A$4:$A$123,$A18)>1,"Doublon",""))
P19: =IF(OR($K19<>"Validée",$L19=""),"",IF($G19="Personnel",MAX(0,$L19-IF($M19="",0,$M19)),0)) | Q19: =IF($H19="","",IF($I19="Non","Justificatif à vérifier","")) | R19: =IF($H19="","",IFERROR(IF(_xlfn.XLOOKUP($E19,Paramètres!$F$3:$F$12,Paramètres!$G$3:$G$12,"")="","",IF($H19>_xlfn.XLOOKUP($E19,Paramètres!$F$3:$F$12,Paramètres!$G$3:$G$12,""),"Seuil interne dépassé","")),"")) | S19: =IF($J19="","",IF(OR($K19="Validée",$K19="Refusée"),"",IF(TODAY()-$J19>Paramètres!$B$6,"Délai cible dépassé",""))) | T19: =IF($A19="","",IF(COUNTIF('Dépenses'!$A$4:$A$123,$A19)>1,"Doublon",""))
P20: =IF(OR($K20<>"Validée",$L20=""),"",IF($G20="Personnel",MAX(0,$L20-IF($M20="",0,$M20)),0)) | Q20: =IF($H20="","",IF($I20="Non","Justificatif à vérifier","")) | R20: =IF($H20="","",IFERROR(IF(_xlfn.XLOOKUP($E20,Paramètres!$F$3:$F$12,Paramètres!$G$3:$G$12,"")="","",IF($H20>_xlfn.XLOOKUP($E20,Paramètres!$F$3:$F$12,Paramètres!$G$3:$G$12,""),"Seuil interne dépassé","")),"")) | S20: =IF($J20="","",IF(OR($K20="Validée",$K20="Refusée"),"",IF(TODAY()-$J20>Paramètres!$B$6,"Délai cible dépassé",""))) | T20: =IF($A20="","",IF(COUNTIF('Dépenses'!$A$4:$A$123,$A20)>1,"Doublon",""))
P21: =IF(OR($K21<>"Validée",$L21=""),"",IF($G21="Personnel",MAX(0,$L21-IF($M21="",0,$M21)),0)) | Q21: =IF($H21="","",IF($I21="Non","Justificatif à vérifier","")) | R21: =IF($H21="","",IFERROR(IF(_xlfn.XLOOKUP($E21,Paramètres!$F$3:$F$12,Paramètres!$G$3:$G$12,"")="","",IF($H21>_xlfn.XLOOKUP($E21,Paramètres!$F$3:$F$12,Paramètres!$G$3:$G$12,""),"Seuil interne dépassé","")),"")) | S21: =IF($J21="","",IF(OR($K21="Validée",$K21="Refusée"),"",IF(TODAY()-$J21>Paramètres!$B$6,"Délai cible dépassé",""))) | T21: =IF($A21="","",IF(COUNTIF('Dépenses'!$A$4:$A$123,$A21)>1,"Doublon",""))
P22: =IF(OR($K22<>"Validée",$L22=""),"",IF($G22="Personnel",MAX(0,$L22-IF($M22="",0,$M22)),0)) | Q22: =IF($H22="","",IF($I22="Non","Justificatif à vérifier","")) | R22: =IF($H22="","",IFERROR(IF(_xlfn.XLOOKUP($E22,Paramètres!$F$3:$F$12,Paramètres!$G$3:$G$12,"")="","",IF($H22>_xlfn.XLOOKUP($E22,Paramètres!$F$3:$F$12,Paramètres!$G$3:$G$12,""),"Seuil interne dépassé","")),"")) | S22: =IF($J22="","",IF(OR($K22="Validée",$K22="Refusée"),"",IF(TODAY()-$J22>Paramètres!$B$6,"Délai cible dépassé",""))) | T22: =IF($A22="","",IF(COUNTIF('Dépenses'!$A$4:$A$123,$A22)>1,"Doublon",""))
P23: =IF(OR($K23<>"Validée",$L23=""),"",IF($G23="Personnel",MAX(0,$L23-IF($M23="",0,$M23)),0)) | Q23: =IF($H23="","",IF($I23="Non","Justificatif à vérifier","")) | R23: =IF($H23="","",IFERROR(IF(_xlfn.XLOOKUP($E23,Paramètres!$F$3:$F$12,Paramètres!$G$3:$G$12,"")="","",IF($H23>_xlfn.XLOOKUP($E23,Paramètres!$F$3:$F$12,Paramètres!$G$3:$G$12,""),"Seuil interne dépassé","")),"")) | S23: =IF($J23="","",IF(OR($K23="Validée",$K23="Refusée"),"",IF(TODAY()-$J23>Paramètres!$B$6,"Délai cible dépassé",""))) | T23: =IF($A23="","",IF(COUNTIF('Dépenses'!$A$4:$A$123,$A23)>1,"Doublon",""))
P24: =IF(OR($K24<>"Validée",$L24=""),"",IF($G24="Personnel",MAX(0,$L24-IF($M24="",0,$M24)),0)) | Q24: =IF($H24="","",IF($I24="Non","Justificatif à vérifier","")) | R24: =IF($H24="","",IFERROR(IF(_xlfn.XLOOKUP($E24,Paramètres!$F$3:$F$12,Paramètres!$G$3:$G$12,"")="","",IF($H24>_xlfn.XLOOKUP($E24,Paramètres!$F$3:$F$12,Paramètres!$G$3:$G$12,""),"Seuil interne dépassé","")),"")) | S24: =IF($J24="","",IF(OR($K24="Validée",$K24="Refusée"),"",IF(TODAY()-$J24>Paramètres!$B$6,"Délai cible dépassé",""))) | T24: =IF($A24="","",IF(COUNTIF('Dépenses'!$A$4:$A$123,$A24)>1,"Doublon",""))
P25: =IF(OR($K25<>"Validée",$L25=""),"",IF($G25="Personnel",MAX(0,$L25-IF($M25="",0,$M25)),0)) | Q25: =IF($H25="","",IF($I25="Non","Justificatif à vérifier","")) | R25: =IF($H25="","",IFERROR(IF(_xlfn.XLOOKUP($E25,Paramètres!$F$3:$F$12,Paramètres!$G$3:$G$12,"")="","",IF($H25>_xlfn.XLOOKUP($E25,Paramètres!$F$3:$F$12,Paramètres!$G$3:$G$12,""),"Seuil interne dépassé","")),"")) | S25: =IF($J25="","",IF(OR($K25="Validée",$K25="Refusée"),"",IF(TODAY()-$J25>Paramètres!$B$6,"Délai cible dépassé",""))) | T25: =IF($A25="","",IF(COUNTIF('Dépenses'!$A$4:$A$123,$A25)>1,"Doublon",""))
... P123: =IF(OR($K123<>"Validée",$L123=""),"",IF($G123="Personnel",MAX(0,$L123-IF($M123="",0,$M123)),0)) | Q123: =IF($H123="","",IF($I123="Non","Justificatif à vérifier","")) | R123: =IF($H123="","",IFERROR(IF(_xlfn.XLOOKUP($E123,Paramètres!$F$3:$F$12,Paramètres!$G$3:$G$12,"")="","",IF($H123>_xlfn.XLOOKUP($E123,Paramètres!$F$3:$F$12,Paramètres!$G$3:$G$12,""),"Seuil interne dépassé","")),"")) | S123: =IF($J123="","",IF(OR($K123="Validée",$K123="Refusée"),"",IF(TODAY()-$J123>Paramètres!$B$6,"Délai cible dépassé",""))) | T123: =IF($A123="","",IF(COUNTIF('Dépenses'!$A$4:$A$123,$A123)>1,"Doublon",""))

Sheet Avances
A1: Suivi des avances et de leur imputation
A2: Les totaux imputés sont calculés par code d’événement et ID équipe à partir des dépenses.
A3: ID avance | B3: Code événement | C3: ID équipe | D3: Date avance | E3: Montant avancé | F3: Statut | G3: Total imputé | H3: Solde | I3: Commentaire
A4: DEMO-AV-001 | B4: DEMO-EVT-01 | C4: DEMO-EQ-01 | D4: 46233 | E4: 150 | F4: Versée | G4: =IF(OR($B4="",$C4=""),"",SUMIFS('Dépenses'!$M$4:$M$123,'Dépenses'!$B$4:$B$123,$B4,'Dépenses'!$C$4:$C$123,$C4)) | H4: =IF($E4="","",$E4-IF($G4="",0,$G4)) | I4: Avance fictive de démonstration.
A5: DEMO-AV-002 | B5: DEMO-EVT-01 | C5: DEMO-EQ-03 | D5: 46234 | E5: 80 | F5: Versée | G5: =IF(OR($B5="",$C5=""),"",SUMIFS('Dépenses'!$M$4:$M$123,'Dépenses'!$B$4:$B$123,$B5,'Dépenses'!$C$4:$C$123,$C5)) | H5: =IF($E5="","",$E5-IF($G5="",0,$G5)) | I5: Avance fictive partiellement imputée.
G6: =IF(OR($B6="",$C6=""),"",SUMIFS('Dépenses'!$M$4:$M$123,'Dépenses'!$B$4:$B$123,$B6,'Dépenses'!$C$4:$C$123,$C6)) | H6: =IF($E6="","",$E6-IF($G6="",0,$G6))
G7: =IF(OR($B7="",$C7=""),"",SUMIFS('Dépenses'!$M$4:$M$123,'Dépenses'!$B$4:$B$123,$B7,'Dépenses'!$C$4:$C$123,$C7)) | H7: =IF($E7="","",$E7-IF($G7="",0,$G7))
G8: =IF(OR($B8="",$C8=""),"",SUMIFS('Dépenses'!$M$4:$M$123,'Dépenses'!$B$4:$B$123,$B8,'Dépenses'!$C$4:$C$123,$C8)) | H8: =IF($E8="","",$E8-IF($G8="",0,$G8))
G9: =IF(OR($B9="",$C9=""),"",SUMIFS('Dépenses'!$M$4:$M$123,'Dépenses'!$B$4:$B$123,$B9,'Dépenses'!$C$4:$C$123,$C9)) | H9: =IF($E9="","",$E9-IF($G9="",0,$G9))
G10: =IF(OR($B10="",$C10=""),"",SUMIFS('Dépenses'!$M$4:$M$123,'Dépenses'!$B$4:$B$123,$B10,'Dépenses'!$C$4:$C$123,$C10)) | H10: =IF($E10="","",$E10-IF($G10="",0,$G10))
G11: =IF(OR($B11="",$C11=""),"",SUMIFS('Dépenses'!$M$4:$M$123,'Dépenses'!$B$4:$B$123,$B11,'Dépenses'!$C$4:$C$123,$C11)) | H11: =IF($E11="","",$E11-IF($G11="",0,$G11))
G12: =IF(OR($B12="",$C12=""),"",SUMIFS('Dépenses'!$M$4:$M$123,'Dépenses'!$B$4:$B$123,$B12,'Dépenses'!$C$4:$C$123,$C12)) | H12: =IF($E12="","",$E12-IF($G12="",0,$G12))
G13: =IF(OR($B13="",$C13=""),"",SUMIFS('Dépenses'!$M$4:$M$123,'Dépenses'!$B$4:$B$123,$B13,'Dépenses'!$C$4:$C$123,$C13)) | H13: =IF($E13="","",$E13-IF($G13="",0,$G13))
G14: =IF(OR($B14="",$C14=""),"",SUMIFS('Dépenses'!$M$4:$M$123,'Dépenses'!$B$4:$B$123,$B14,'Dépenses'!$C$4:$C$123,$C14)) | H14: =IF($E14="","",$E14-IF($G14="",0,$G14))
G15: =IF(OR($B15="",$C15=""),"",SUMIFS('Dépenses'!$M$4:$M$123,'Dépenses'!$B$4:$B$123,$B15,'Dépenses'!$C$4:$C$123,$C15)) | H15: =IF($E15="","",$E15-IF($G15="",0,$G15))
G16: =IF(OR($B16="",$C16=""),"",SUMIFS('Dépenses'!$M$4:$M$123,'Dépenses'!$B$4:$B$123,$B16,'Dépenses'!$C$4:$C$123,$C16)) | H16: =IF($E16="","",$E16-IF($G16="",0,$G16))
G17: =IF(OR($B17="",$C17=""),"",SUMIFS('Dépenses'!$M$4:$M$123,'Dépenses'!$B$4:$B$123,$B17,'Dépenses'!$C$4:$C$123,$C17)) | H17: =IF($E17="","",$E17-IF($G17="",0,$G17))
... G103: =IF(OR($B103="",$C103=""),"",SUMIFS('Dépenses'!$M$4:$M$123,'Dépenses'!$B$4:$B$123,$B103,'Dépenses'!$C$4:$C$123,$C103)) | H103: =IF($E103="","",$E103-IF($G103="",0,$G103))

Sheet Paramètres
A1: Paramètres internes modifiables
A2: Code de l’événement | B2: DEMO-EVT-01 | F2: Catégories | G2: Seuil interne facultatif | I2: Modes de paiement | K2: Justificatif | M2: Statuts des dépenses | O2: Statuts des avances
A3: Nom de l’événement | B3: Forum Démonstration Azur — événement fictif | F3: Transport ferroviaire | G3: 100 | I3: Personnel | K3: Oui | M3: À saisir | O3: Prévue
A4: Date de début | B4: 46243 | F4: Hébergement | G4: 120 | I4: Carte équipe | K4: Non | M4: Soumise | O4: Versée
A5: Date de fin | B5: 46246 | F5: Repas | G5: 50 | M5: À compléter | O5: Clôturée
A6: Délai cible de traitement (jours) | B6: 10 | F6: Taxi/VTC | G6: 30 | M6: Validée
A7: Budget interne | B7: 400 | F7: Stationnement | G7: 25 | M7: Refusée
A8: Marge avant l’événement (jours) | B8: 30 | F8: Fournitures
A9: Marge après l’événement (jours) | B9: 30 | F9: Péage | G9: 20
F10: Transports urbains | G10: 15
A11: Ces réglages sont des repères internes indicatifs et ne constituent pas une règle comptable, fiscale, contractuelle ou juridique. | F11: Logistique | G11: 60
F12: Collation | G12: 20
